Blue Jackets vs Nordiques (R3)

Created - November 11, 2017 at 23:44

Goals
1 2 3 OT1 T
Blue Jackets 1 3 0 0 4
Nordiques 1 1 2 1 5
Shots
1 2 3 OT1 T
Blue Jackets 7 14 4 2 27
Nordiques 13 13 14 6 46

1st period

1. Blue Jackets , David Booth 7 (Andreas Nodl 3, Pavel Datsyuk 13) at 4:17 (SH)
2. Nordiques , Daniel Briere 6 (Ryan Ellis 3) at 12:00

Penalties :
Mike Brown (Clb) for Hooking (Minor) at 2:50, Jean-Pierre Dumont (Que) for Hooking (Minor) at 7:13, Daniel Briere (Que) for Hooking (Minor) at 13:12

2nd period

3. Blue Jackets , Pavel Datsyuk 7 (Branislav Mezei 5, David Booth 9) at 0:30 (PP)
4. Blue Jackets , Branislav Mezei 1 (Marcus Nilson 5, Mike Lundin 3) at 5:10
5. Blue Jackets , Patric Hornqvist 10 (Kevin Bieksa 1) at 5:47
6. Nordiques , Paul Gaustad 2 (Jean-Pierre Dumont 3, Kyle Calder 1) at 10:01

Penalties :
Fedor Tyutin (Que) for Hooking (Minor) at 0:19, Tim Ramholt (Clb) for Holding (Minor) at 0:37, Mike Lundin (Clb) for Holding Stick (Minor) at 16:02, Dmitry Kulikov (Que) for Hooking (Minor) at 19:58

3rd period

7. Nordiques , R.J. Umberger 4 (Vladimir Tarasenko 6, Fedor Tyutin 2) at 12:38
8. Nordiques , Vladimir Tarasenko 7 (Daniel Briere 13) at 12:46

Penalties :
Kevin Bieksa (Clb) for Holding (Minor) at 3:08, Mike Lundin (Clb) for High sticking (Minor) at 7:44, Martin Havlat (Clb) for Hooking (Minor) at 13:03, Jeff Taffe (Clb) for Hooking (Minor) at 18:38

Overtime #1

9. Nordiques , Mark Eaton 2 (Dustin Byfuglien 6, Chris Drury 6) at 4:05

Penalties :
No Penalty

Goalie Stats

Rick DiPietro (Clb), 41 saves from 46 shots - (0.891), OTL, 5-7-1, 64:05 minutes
Julien Ellis (Que), 23 saves from 27 shots - (0.852), W, 5-2-1, 64:05 minutes

Players Stats for Blue Jackets

Player Name              G  A  P  +/- PIM S  H  SB GA TA FO     MP     PP MP  PK MP  
------------------------------------------------------------------------------------
A.J Thelen               0  0  0   0  0   0  0  1  0  1  0/0    12:12   0:00   3:39 
Andreas Nodl             0  1  1   1  0   1  1  0  0  0  0/1     9:36   0:00   2:59 
Branislav Mezei          1  1  2   1  0   3  3  0  0  0  0/0    31:09   3:27   7:15 
David Booth              1  1  2  -2  0   3  4  2  0  0  1/2    18:17   3:08   2:18 
Jan Bulis                0  0  0  -1  0   2  5  0  0  0  2/7    14:54   0:00   4:29 
Jeff Taffe               0  0  0   0  2   0  1  0  0  0  0/0     9:28   0:00   3:18 
Kevin Bieksa             0  1  1  -3  2   0  3  0  1  2  0/0    22:33   2:41   5:17 
Kevin Porter             0  0  0   0  0   0  0  0  0  0  0/3     6:10   0:00   0:02 
Marcus Nilson            0  1  1   2  0   3  3  0  1  0  0/0    15:26   3:00   0:00 
Martin Havlat            0  0  0  -4  2   4  2  1  0  0  3/4    23:02   3:00   6:11 
Mike Brown               0  0  0  -1  2   1  2  0  0  0  0/0    10:57   0:00   0:00 
Mike Commodore           0  0  0   0  0   0  0  0  0  0  0/0     9:20   0:00   0:33 
Mike Lundin              0  1  1   1  4   1  2  1  0  2  0/0    30:10   3:27   5:42 
Mike York                0  0  0  -1  0   1  2  1  0  0  0/0    10:49   0:03   0:00 
Patric Hornqvist         1  0  1   2  0   4  1  0  0  1  0/0    15:33   3:05   0:00 
Pavel Datsyuk            1  1  2  -4  0   3  2  1  1  0  17/43  24:27   3:08   7:51 
Peter Mueller            0  0  0   2  0   1  0  0  0  0  5/12   15:26   3:00   0:00 
Tim Ramholt              0  0  0  -3  2   0  1  0  0  1  0/0    22:51   2:41   5:20 

Players Stats for Nordiques

Player Name              G  A  P  +/- PIM S  H  SB GA TA FO     MP     PP MP  PK MP  
------------------------------------------------------------------------------------
Chris Drury              0  1  1  -1  0   4  0  0  0  0  10/13  19:04   4:54   2:08 
Daniel Briere            1  1  2   2  2   7  0  0  0  1  16/29  24:29   7:50   2:17 
Dmitry Kulikov           0  0  0   0  2   1  0  0  0  0  0/0    11:01   0:00   0:00 
Dustin Byfuglien         0  1  1   2  0   4  3  0  1  1  0/0    23:03   5:34   2:49 
Fedor Tyutin             0  1  1   0  2   1  2  0  1  0  0/0    29:51   7:41   3:08 
Jean-Pierre Dumont       0  1  1   1  2   4  1  0  0  0  2/2    12:35   0:26   0:00 
Kyle Calder              0  1  1   1  0   1  3  0  1  0  0/0    12:43   0:26   1:27 
Marek Svatos             0  0  0  -1  0   4  0  0  1  0  4/8    24:02   6:59   3:16 
Mark Eaton               1  0  1   2  0   3  2  1  0  1  0/0    23:14   5:34   3:00 
Matt Moulson             0  0  0  -2  0   6  1  0  0  0  1/2    15:57   4:54   0:11 
Michael Ryder            0  0  0   0  0   2  0  0  0  0  0/0     6:57   0:00   0:00 
Nikolai Kulemin          0  0  0   0  0   0  0  2  0  0  0/0     6:57   0:00   0:00 
Paul Gaustad             1  0  1   1  0   2  1  1  1  0  5/10   12:17   0:31   1:29 
R.J. Umberger            1  0  1   2  0   3  2  0  0  0  1/1    19:40   7:55   0:00 
Rich Peverley            0  0  0   0  0   0  0  0  0  0  4/5     6:57   0:00   0:00 
Ryan Ellis               0  1  1   0  0   1  1  2  1  0  0/0    30:03   7:41   3:19 
T.J. Fast                0  0  0   0  0   0  1  0  0  0  0/0    10:59   0:00   0:00 
Vladimir Tarasenko       1  1  2   2  0   3  0  0  1  0  1/2    20:19   5:50   1:28 

3 Stars

1 - Branislav Mezei (Clb)
2 - Vladimir Tarasenko (Que)
3 - Mark Eaton (Que)

Power Play

Blue Jackets - 1 on 4 Attempt(s) - 25.00%
Nordiques - 0 on 7 Attempt(s) - 0.00%

Penalty Kill

Blue Jackets - 7 on 7 Attempt(s) - 100.00% - Score 1 goal in Penalty Kill
Nordiques - 3 on 4 Attempt(s) - 75.00% - Score 0 goal in Penalty Kill

Team Stat

Blue Jackets - Hits : 32 - Faceoff Wins : 28 - Blocked Shots : 7 - Penalty Minutes : 14
Nordiques - Hits : 17 - Faceoff Wins : 44 - Blocked Shots : 6 - Penalty Minutes : 8

Official

Referees : Hebert Ghislain and Rehman Kyle
Linesman : Derek Nansen and Brad Lazarowich

Game Notes

No Game Note

Finance

Level 1 -- Attendance: 4205 (70.08%) -- Ticket Income $441,525
Level 2 -- Attendance: 3744 (74.88%) -- Ticket Income $243,360
Level 3 -- Attendance: 1195 (59.75%) -- Ticket Income $54,970
Level 4 -- Attendance: 2288 (57.20%) -- Ticket Income $80,080
Luxury Box -- Attendance: 847 (84.70%) -- Ticket Income $139,755
Game was played at the Centre Videotron.
Total Attendance: 12279 (68.22%)
Total Ticket Income: $959,690
Other Income: $143,954
Total Income: $1,103,644

Blue Jackets

5 vs 5 Forward 
   Center                   Left Wing                Right Wing               Time % Phy DF OF 
 1 Pavel Datsyuk            David Booth              Martin Havlat            37     1   2  2  
 2 Peter Mueller            Marcus Nilson            Patric Hornqvist         33     1   2  2  
 3 Jan Bulis                Mike York                Mike Brown               20     1   2  2  
 4 Kevin Porter             Jeff Taffe               Andreas Nodl             10     1   2  2  

5 vs 5 Defense 
   Defense                  Defense                                           Time % Phy DF OF 
 1 Mike Lundin              Branislav Mezei                                   40     1   2  2  
 2 Kevin Bieksa             Tim Ramholt                                       30     1   2  2  
 3 Mike Commodore           A.J Thelen                                        20     1   2  2  
 4 Mike Lundin              Branislav Mezei                                   10     1   2  2  

PowerPlay Forward 
   Center                   Left Wing                Right Wing               Time % Phy DF OF 
 1 Pavel Datsyuk            David Booth              Patric Hornqvist         60     1   2  2  
 2 Peter Mueller            Marcus Nilson            Martin Havlat            40     1   2  2  

PowerPlay Defense
   Defense                  Defense                                           Time % Phy DF OF 
 1 Mike Lundin              Branislav Mezei                                   60     1   2  2  
 2 Kevin Bieksa             Tim Ramholt                                       40     1   2  2  

Penalty Kill 4 Players Forward 
   Center                   Wing                     Time % Phy DF OF 
 1 Pavel Datsyuk            Martin Havlat            60     1   2  2  
 2 Jan Bulis                Jeff Taffe               40     1   2  2  

Penalty Kill 4 Players Defense
   Defense                  Defense                  Time % Phy DF OF 
 1 Mike Lundin              Branislav Mezei          60     1   2  2  
 2 Kevin Bieksa             Tim Ramholt              40     1   2  2  

Penalty Kill - 3 Players Forward 
   Forward                                           Time % Phy DF OF 
 1 Pavel Datsyuk                                     60     1   2  2  
 2 Jan Bulis                                         40     1   2  2  

Penalty Kill - 3 Players Defense
   Defense                  Defense                  Time % Phy DF OF 
 1 Mike Lundin              Branislav Mezei          60     1   2  2  
 2 Kevin Bieksa             Tim Ramholt              40     1   2  2  

4 vs 4 Forward 
   Center                   Wing                     Time % Phy DF OF 
 1 Pavel Datsyuk            Martin Havlat            60     1   2  2  
 2 Pavel Datsyuk            Patric Hornqvist         40     1   2  2  

4 vs 4 Defense
   Defense                  Defense                  Time % Phy DF OF 
 1 Mike Lundin              Branislav Mezei          60     1   2  2  
 2 Kevin Bieksa             Tim Ramholt              40     1   2  2  

Last Minutes Offensive
   Center                   Left Wing                Right Wing               Defense                  Defense                  
   Pavel Datsyuk            David Booth              Patric Hornqvist         Mike Lundin              Branislav Mezei          

Last Minutes Defensive
   Center                   Left Wing                Right Wing               Defense                  Defense                  
   Pavel Datsyuk            David Booth              Patric Hornqvist         Mike Lundin              Branislav Mezei          

Goaltenders
Starting : Rick DiPietro            
Backup : Keith Kinkaid            

Extra Forwards
Normal : Mike York, Mike Brown, Andreas Nodl - PP : Mike York, Mike Brown - PK : Andreas Nodl
Extra Defensemen
Normal : Mike Commodore, A.J Thelen, Kevin Bieksa - PP : Mike Commodore - PK : A.J Thelen, Kevin Bieksa
Penalty Shots
Patric Hornqvist, David Booth, Martin Havlat, Pavel Datsyuk, Marcus Nilson

Scratches
Dave Steckel (Healthy), Shane O'Brien (Healthy)

Nordiques

5 vs 5 Forward 
   Center                   Left Wing                Right Wing               Time % Phy DF OF 
 1 Daniel Briere            R.J. Umberger            Vladimir Tarasenko       40     0   2  3  
 2 Chris Drury              Matt Moulson             Marek Svatos             30     0   2  3  
 3 Paul Gaustad             Kyle Calder              Jean-Pierre Dumont       20     0   3  2  
 4 Rich Peverley            Nikolai Kulemin          Michael Ryder            10     0   2  3  

5 vs 5 Defense 
   Defense                  Defense                                           Time % Phy DF OF 
 1 Fedor Tyutin             Ryan Ellis                                        40     0   4  1  
 2 Mark Eaton               Dustin Byfuglien                                  30     0   4  1  
 3 T.J. Fast                Dmitry Kulikov                                    20     0   4  1  
 4 Fedor Tyutin             Ryan Ellis                                        10     0   4  1  

PowerPlay Forward 
   Center                   Left Wing                Right Wing               Time % Phy DF OF 
 1 Daniel Briere            R.J. Umberger            Marek Svatos             60     0   0  5  
 2 Chris Drury              Matt Moulson             Vladimir Tarasenko       40     0   0  5  

PowerPlay Defense
   Defense                  Defense                                           Time % Phy DF OF 
 1 Fedor Tyutin             Ryan Ellis                                        60     0   2  3  
 2 Mark Eaton               Dustin Byfuglien                                  40     0   2  3  

Penalty Kill 4 Players Forward 
   Center                   Wing                     Time % Phy DF OF 
 1 Marek Svatos             Daniel Briere            60     0   3  2  
 2 Chris Drury              Vladimir Tarasenko       40     0   3  2  

Penalty Kill 4 Players Defense
   Defense                  Defense                  Time % Phy DF OF 
 1 Fedor Tyutin             Ryan Ellis               60     0   5  0  
 2 Mark Eaton               Dustin Byfuglien         40     0   5  0  

Penalty Kill - 3 Players Forward 
   Forward                                           Time % Phy DF OF 
 1 Marek Svatos                                      60     0   4  1  
 2 Daniel Briere                                     40     0   4  1  

Penalty Kill - 3 Players Defense
   Defense                  Defense                  Time % Phy DF OF 
 1 Fedor Tyutin             Ryan Ellis               60     0   5  0  
 2 Mark Eaton               Dustin Byfuglien         40     0   5  0  

4 vs 4 Forward 
   Center                   Wing                     Time % Phy DF OF 
 1 Marek Svatos             Daniel Briere            60     0   2  3  
 2 Chris Drury              Vladimir Tarasenko       40     0   1  4  

4 vs 4 Defense
   Defense                  Defense                  Time % Phy DF OF 
 1 Fedor Tyutin             Ryan Ellis               60     0   3  2  
 2 Mark Eaton               Dustin Byfuglien         40     0   3  2  

Last Minutes Offensive
   Center                   Left Wing                Right Wing               Defense                  Defense                  
   Daniel Briere            R.J. Umberger            Marek Svatos             Fedor Tyutin             Ryan Ellis               

Last Minutes Defensive
   Center                   Left Wing                Right Wing               Defense                  Defense                  
   Daniel Briere            R.J. Umberger            Marek Svatos             Mark Eaton               T.J. Fast                

Goaltenders
Starting : Julien Ellis             
Backup : Tyler Weiman             

Extra Forwards
Normal : Jean-Pierre Dumont, Vladimir Tarasenko, Chris Drury - PP : Vladimir Tarasenko, Daniel Briere - PK : Paul Gaustad
Extra Defensemen
Normal : Dustin Byfuglien, Dmitry Kulikov, Ryan Ellis - PP : Dustin Byfuglien - PK : Ryan Ellis, Mark Eaton
Penalty Shots
Marek Svatos, Daniel Briere, Chris Drury, Vladimir Tarasenko, R.J. Umberger

Scratches
Bruno Gervais (Healthy), Milan Bartovic (Healthy), Tim Crowder (Healthy)

% Time on Ice - Blue Jackets

Lines # - Real PCT - Wanted PCT - Time Play
Normal Forward
1 - 30% - 37% - 12:20
2 - 31% - 33% - 12:29
3 - 24% - 20% - 9:54
4 - 15% - 10% - 5:54
Normal Defense
1 - 46% - 40% - 18:39
2 - 33% - 30% - 13:33
3 - 19% - 20% - 7:47
4 - 2% - 10% - 0:38
PP Forward
1 - 51% - 60% - 3:08
2 - 49% - 40% - 3:00
PP Defense
1 - 56% - 60% - 3:27
2 - 44% - 40% - 2:41
PK Forward
1 - 73% - 60% - 9:38
2 - 27% - 40% - 3:37
PK Defense
1 - 54% - 60% - 7:08
2 - 46% - 40% - 6:07
PK3 Forward
1 - 97% - 60% - 0:37
2 - 3% - 40% - 0:01
PK3 Defense
1 - 100% - 60% - 0:38
2 - 0% - 40% - 0:00
44 Forward
1 - 93% - 60% - 3:13
2 - 7% - 40% - 0:14
44 Defense
1 - 53% - 60% - 1:50
2 - 47% - 40% - 1:37
Last Minute Offensive  - 0:00
Last Minute Defensive  - 0:00
Total
Forward - 64:05
Defense - 64:05

% Time on Ice - Nordiques

Lines # - Real PCT - Wanted PCT - Time Play
Normal Forward
1 - 31% - 40% - 12:40
2 - 27% - 30% - 10:55
3 - 25% - 20% - 10:05
4 - 17% - 10% - 6:57
Normal Defense
1 - 39% - 40% - 15:50
2 - 31% - 30% - 12:25
3 - 27% - 20% - 10:59
4 - 3% - 10% - 1:23
PP Forward
1 - 63% - 60% - 8:21
2 - 37% - 40% - 4:54
PP Defense
1 - 58% - 60% - 7:41
2 - 42% - 40% - 5:34
PK Forward
1 - 76% - 60% - 4:40
2 - 24% - 40% - 1:28
PK Defense
1 - 54% - 60% - 3:19
2 - 46% - 40% - 2:49
PK3 Forward
1 - 0% - 60%
2 - 0% - 40%
PK3 Defense
1 - 0% - 60%
2 - 0% - 40%
44 Forward
1 - 89% - 60% - 3:39
2 - 11% - 40% - 0:26
44 Defense
1 - 45% - 60% - 1:50
2 - 55% - 40% - 2:15
Last Minute Offensive  - 0:00
Last Minute Defensive  - 0:00
Total
Forward - 64:05
Defense - 64:05

Play by Play

1st period


0:01 of 1st period - Martin Havlat wins face-off versus Daniel Briere in neutral zone.
0:13 of 1st period - Snap shot by David Booth.
0:13 of 1st period - Stopped by Julien Ellis without a rebound.
0:14 of 1st period - Matt Moulson wins face-off versus Peter Mueller in Nordiques zone.
0:14 of 1st period - Matt Moulson is hit by Marcus Nilson.
0:27 of 1st period - Snap shot by Chris Drury.
0:27 of 1st period - Shot Misses the Net.
0:29 of 1st period - Wrist shot by Chris Drury.
0:29 of 1st period - Stopped by Rick DiPietro with a rebound.
0:31 of 1st period - Wrist shot by Marek Svatos.
0:31 of 1st period - Stopped by Rick DiPietro without a rebound.
0:32 of 1st period - Paul Gaustad wins face-off versus Jan Bulis in Blue Jackets zone.
0:33 of 1st period - Wrist shot by Jean-Pierre Dumont.
0:33 of 1st period - Shot Blocked by A.J Thelen.
0:57 of 1st period - T.J. Fast is hit by David Booth and loses puck.
1:04 of 1st period - Snap shot by David Booth.
1:04 of 1st period - Shot Misses the Net.
1:59 of 1st period - Tim Ramholt is hit by T.J. Fast and loses puck.
2:20 of 1st period - Snap shot by David Booth.
2:20 of 1st period - Stopped by Julien Ellis with a rebound.
2:22 of 1st period - Snap shot by Martin Havlat.
2:22 of 1st period - Stopped by Julien Ellis with a rebound.
2:50 of 1st period - Minor Penalty to Mike Brown for Hooking.
2:51 of 1st period - Pavel Datsyuk wins face-off versus Daniel Briere in Blue Jackets zone.
3:18 of 1st period - Mike Lundin is hit by Matt Moulson and loses puck.
4:17 of 1st period - Slapshot by David Booth.
4:17 of 1st period - Goal by David Booth - Blue Jackets : 1 - Nordiques : 0.
4:18 of 1st period - Pavel Datsyuk wins face-off versus Daniel Briere in neutral zone.
4:33 of 1st period - Snap shot by Daniel Briere.
4:33 of 1st period - Stopped by Rick DiPietro without a rebound.
4:34 of 1st period - Pavel Datsyuk wins face-off versus Daniel Briere in Blue Jackets zone.
4:50 of 1st period - Penalty to Mike Brown is over, Mike Brown is back on ice.
5:33 of 1st period - Wrist shot by Andreas Nodl.
5:33 of 1st period - Stopped by Julien Ellis without a rebound.
5:34 of 1st period - Chris Drury wins face-off versus Pavel Datsyuk in Nordiques zone.
5:39 of 1st period - Snap shot by Matt Moulson.
5:39 of 1st period - Stopped by Rick DiPietro with a rebound.
5:41 of 1st period - Slapshot by Matt Moulson.
5:41 of 1st period - Stopped by Rick DiPietro without a rebound.
5:42 of 1st period - Chris Drury wins face-off versus Pavel Datsyuk in Blue Jackets zone.
6:01 of 1st period - Snap shot by Chris Drury.
6:01 of 1st period - Stopped by Rick DiPietro without a rebound.
6:02 of 1st period - Daniel Briere wins face-off versus Peter Mueller in Blue Jackets zone.
6:17 of 1st period - Snap shot by Daniel Briere.
6:17 of 1st period - Stopped by Rick DiPietro without a rebound.
6:18 of 1st period - David Booth wins face-off versus Matt Moulson in Blue Jackets zone.
6:57 of 1st period - Off-side.
6:58 of 1st period - Paul Gaustad wins face-off versus Jan Bulis in neutral zone.
7:11 of 1st period - Wrist shot by Kevin Bieksa.
7:11 of 1st period - Shot Blocked by Paul Gaustad.
7:13 of 1st period - Minor Penalty to Jean-Pierre Dumont for Hooking.
7:14 of 1st period - Pavel Datsyuk wins face-off versus Marek Svatos in Nordiques zone.
7:49 of 1st period - Slapshot by Marcus Nilson.
7:49 of 1st period - Shot Blocked by Ryan Ellis.
7:51 of 1st period - Slapshot by Mike Lundin.
7:51 of 1st period - Shot Misses the Net.
9:13 of 1st period - Penalty to Jean-Pierre Dumont is over, Jean-Pierre Dumont is back on ice.
9:58 of 1st period - Icing by Mark Eaton.
9:59 of 1st period - Rich Peverley wins face-off versus Kevin Porter in Nordiques zone.
10:03 of 1st period - Icing by Dustin Byfuglien.
10:04 of 1st period - Rich Peverley wins face-off versus Kevin Porter in Nordiques zone.
10:19 of 1st period - Snap shot by Branislav Mezei.
10:19 of 1st period - Stopped by Julien Ellis with a rebound.
10:32 of 1st period - Wrist shot by Michael Ryder.
10:32 of 1st period - Stopped by Rick DiPietro without a rebound.
10:33 of 1st period - Paul Gaustad wins face-off versus Pavel Datsyuk in Blue Jackets zone.
10:42 of 1st period - Backhand shot by Paul Gaustad.
10:42 of 1st period - Stopped by Rick DiPietro with a rebound.
10:58 of 1st period - Marek Svatos is hit by Tim Ramholt and loses puck.
11:21 of 1st period - Daniel Briere is hit by Mike York and loses puck.
11:42 of 1st period - Wrist shot by Jeff Taffe.
11:42 of 1st period - Shot Blocked by Nikolai Kulemin.
11:44 of 1st period - Slapshot by Andreas Nodl.
11:44 of 1st period - Shot Misses the Net.
11:46 of 1st period - Slapshot by Mike Lundin.
11:46 of 1st period - Stopped by Julien Ellis without a rebound.
11:47 of 1st period - Daniel Briere wins face-off versus Pavel Datsyuk in Nordiques zone.
11:58 of 1st period - Slapshot by Ryan Ellis.
11:58 of 1st period - Shot Misses the Net.
12:00 of 1st period - Wrist shot by Daniel Briere.
12:00 of 1st period - Goal by Daniel Briere - Blue Jackets : 1 - Nordiques : 1.
12:01 of 1st period - Peter Mueller wins face-off versus Daniel Briere in neutral zone.
12:10 of 1st period - Snap shot by R.J. Umberger.
12:10 of 1st period - Stopped by Rick DiPietro without a rebound.
12:11 of 1st period - Daniel Briere wins face-off versus Peter Mueller in Blue Jackets zone.
12:12 of 1st period - Snap shot by Vladimir Tarasenko.
12:12 of 1st period - Deflect By Marcus Nilson.
12:12 of 1st period - Stopped by Rick DiPietro without a rebound.
12:13 of 1st period - Chris Drury wins face-off versus Pavel Datsyuk in Blue Jackets zone.
13:12 of 1st period - Minor Penalty to Daniel Briere for Hooking.
13:13 of 1st period - Marek Svatos wins face-off versus Pavel Datsyuk in Nordiques zone.
13:13 of 1st period - Marek Svatos is hit by David Booth.
13:38 of 1st period - Tim Ramholt is hit by Kyle Calder and loses puck.
13:55 of 1st period - Paul Gaustad is hit by Pavel Datsyuk and loses puck.
15:12 of 1st period - Penalty to Daniel Briere is over, Daniel Briere is back on ice.
15:54 of 1st period - Icing by T.J. Fast.
15:55 of 1st period - Rich Peverley wins face-off versus Jan Bulis in Nordiques zone.
15:55 of 1st period - Rich Peverley is hit by Jan Bulis.
16:01 of 1st period - Snap shot by Michael Ryder.
16:01 of 1st period - Stopped by Rick DiPietro with a rebound.
16:55 of 1st period - Nikolai Kulemin is hit by Marcus Nilson and loses puck.
17:02 of 1st period - Wrist shot by Peter Mueller.
17:02 of 1st period - Shot Hit the Post.
17:04 of 1st period - Snap shot by Patric Hornqvist.
17:04 of 1st period - Shot Misses the Net.
17:45 of 1st period - Snap shot by Kyle Calder.
17:45 of 1st period - Shot Misses the Net.
18:48 of 1st period - Rich Peverley is hit by David Booth and loses puck.
19:03 of 1st period - Ryan Ellis is hit by Mike Brown and loses puck.
19:22 of 1st period - Jeff Taffe is hit by Mark Eaton and loses puck.
19:29 of 1st period - Wrist shot by Marek Svatos.
19:29 of 1st period - Shot Misses the Net.
Goals for this period are 1 for Blue Jackets vs 1 for Nordiques.
Shots for this period are 7 for Blue Jackets vs 13 for Nordiques.

2nd period


0:01 of 2nd period - Pavel Datsyuk wins face-off versus Daniel Briere in neutral zone.
0:19 of 2nd period - Minor Penalty to Fedor Tyutin for Hooking.
0:20 of 2nd period - Marek Svatos wins face-off versus Pavel Datsyuk in Nordiques zone.
0:28 of 2nd period - Backhand shot by Branislav Mezei.
0:28 of 2nd period - Shot Misses the Net.
0:30 of 2nd period - Slapshot by Pavel Datsyuk.
0:30 of 2nd period - Goal by Pavel Datsyuk - Blue Jackets : 2 - Nordiques : 1.
0:31 of 2nd period - Chris Drury wins face-off versus Martin Havlat in neutral zone.
0:37 of 2nd period - Minor Penalty to Tim Ramholt for Holding.
0:38 of 2nd period - Pavel Datsyuk wins face-off versus Daniel Briere in Blue Jackets zone.
0:52 of 2nd period - Snap shot by Martin Havlat.
0:52 of 2nd period - Stopped by Julien Ellis without a rebound.
0:53 of 2nd period - Pavel Datsyuk wins face-off versus Daniel Briere in Nordiques zone.
1:03 of 2nd period - Icing by Daniel Briere.
1:04 of 2nd period - Martin Havlat wins face-off versus Daniel Briere in Nordiques zone.
1:31 of 2nd period - Wrist shot by Daniel Briere.
1:31 of 2nd period - Stopped by Rick DiPietro without a rebound.
1:32 of 2nd period - Chris Drury wins face-off versus Pavel Datsyuk in Blue Jackets zone.
1:47 of 2nd period - A.J Thelen is hit by Dustin Byfuglien and loses puck.
2:37 of 2nd period - Penalty to Tim Ramholt is over, Tim Ramholt is back on ice.
2:54 of 2nd period - Jan Bulis is hit by Fedor Tyutin and loses puck.
3:15 of 2nd period - Slapshot by Ryan Ellis.
3:15 of 2nd period - Shot Misses the Net.
3:39 of 2nd period - Wrist shot by Kyle Calder.
3:39 of 2nd period - Deflect By Jean-Pierre Dumont.
3:39 of 2nd period - Stopped by Rick DiPietro without a rebound.
3:40 of 2nd period - Jean-Pierre Dumont wins face-off versus Pavel Datsyuk in Blue Jackets zone.
4:06 of 2nd period - Mike Lundin is hit by R.J. Umberger and loses puck.
4:28 of 2nd period - Slapshot by Mark Eaton.
4:28 of 2nd period - Deflect By Mike York.
4:28 of 2nd period - Stopped by Rick DiPietro without a rebound.
4:29 of 2nd period - Chris Drury wins face-off versus Jan Bulis in Blue Jackets zone.
4:34 of 2nd period - Slapshot by Matt Moulson.
4:34 of 2nd period - Stopped by Rick DiPietro without a rebound.
4:35 of 2nd period - Daniel Briere wins face-off versus Pavel Datsyuk in Blue Jackets zone.
4:36 of 2nd period - Snap shot by Vladimir Tarasenko.
4:36 of 2nd period - Stopped by Rick DiPietro without a rebound.
4:37 of 2nd period - Daniel Briere wins face-off versus Pavel Datsyuk in Blue Jackets zone.
4:37 of 2nd period - Ryan Ellis is hit by Mike Lundin and loses puck.
4:41 of 2nd period - Icing by Mike Lundin.
4:42 of 2nd period - Vladimir Tarasenko wins face-off versus Pavel Datsyuk in Blue Jackets zone.
4:49 of 2nd period - Pavel Datsyuk is hit by R.J. Umberger and loses puck.
5:08 of 2nd period - Wrist shot by Mike Lundin.
5:08 of 2nd period - Deflect By Marcus Nilson.
5:08 of 2nd period - Stopped by Julien Ellis with a rebound.
5:10 of 2nd period - Slapshot by Branislav Mezei.
5:10 of 2nd period - Deflect By Chris Drury.
5:10 of 2nd period - Goal by Branislav Mezei - Blue Jackets : 3 - Nordiques : 1.
5:11 of 2nd period - Chris Drury wins face-off versus David Booth in neutral zone.
5:20 of 2nd period - Wrist shot by Ryan Ellis.
5:20 of 2nd period - Stopped by Rick DiPietro with a rebound.
5:38 of 2nd period - R.J. Umberger is hit by Kevin Bieksa and loses puck.
5:47 of 2nd period - Slapshot by Patric Hornqvist.
5:47 of 2nd period - Goal by Patric Hornqvist - Blue Jackets : 4 - Nordiques : 1.
5:48 of 2nd period - Chris Drury wins face-off versus Pavel Datsyuk in neutral zone.
6:15 of 2nd period - R.J. Umberger is hit by Patric Hornqvist and loses puck.
6:42 of 2nd period - Dustin Byfuglien is hit by Branislav Mezei and loses puck.
7:43 of 2nd period - Snap shot by Martin Havlat.
7:43 of 2nd period - Stopped by Julien Ellis with a rebound.
7:47 of 2nd period - Wrist shot by Martin Havlat.
7:47 of 2nd period - Stopped by Julien Ellis without a rebound.
7:48 of 2nd period - Chris Drury wins face-off versus Peter Mueller in Nordiques zone.
8:21 of 2nd period - Wrist shot by Mike York.
8:21 of 2nd period - Shot Misses the Net.
8:23 of 2nd period - Wrist shot by Mike Brown.
8:23 of 2nd period - Stopped by Julien Ellis with a rebound.
8:25 of 2nd period - Wrist shot by Mike York.
8:25 of 2nd period - Stopped by Julien Ellis without a rebound.
8:26 of 2nd period - Martin Havlat wins face-off versus Paul Gaustad in Nordiques zone.
8:55 of 2nd period - Slapshot by Dustin Byfuglien.
8:55 of 2nd period - Deflect By Matt Moulson.
8:55 of 2nd period - Shot Misses the Net.
8:55 of 2nd period - Puck is out of play.
8:56 of 2nd period - Peter Mueller wins face-off versus Chris Drury in Blue Jackets zone.
9:10 of 2nd period - Slapshot by Marcus Nilson.
9:10 of 2nd period - Shot Misses the Net.
9:48 of 2nd period - Slapshot by Fedor Tyutin.
9:48 of 2nd period - Stopped by Rick DiPietro without a rebound.
9:49 of 2nd period - Jan Bulis wins face-off versus Paul Gaustad in Blue Jackets zone.
9:49 of 2nd period - Jan Bulis is hit by Mark Eaton.
9:57 of 2nd period - Slapshot by Jean-Pierre Dumont.
9:57 of 2nd period - Stopped by Rick DiPietro with a rebound.
9:59 of 2nd period - Wrist shot by Paul Gaustad.
9:59 of 2nd period - Shot Blocked by Mike York.
10:01 of 2nd period - Snap shot by Paul Gaustad.
10:01 of 2nd period - Goal by Paul Gaustad - Blue Jackets : 4 - Nordiques : 2.
10:02 of 2nd period - R.J. Umberger wins face-off versus Pavel Datsyuk in neutral zone.
10:09 of 2nd period - Slapshot by Fedor Tyutin.
10:09 of 2nd period - Shot Blocked by Pavel Datsyuk.
10:15 of 2nd period - R.J. Umberger is hit by Martin Havlat and loses puck.
10:33 of 2nd period - Snap shot by Matt Moulson.
10:33 of 2nd period - Stopped by Rick DiPietro with a rebound.
10:35 of 2nd period - Snap shot by Ryan Ellis.
10:35 of 2nd period - Shot Misses the Net.
10:53 of 2nd period - Kyle Calder is hit by Jan Bulis.
12:30 of 2nd period - Wrist shot by Jan Bulis.
12:30 of 2nd period - Stopped by Julien Ellis without a rebound.
12:31 of 2nd period - Pavel Datsyuk wins face-off versus Daniel Briere in Nordiques zone.
12:34 of 2nd period - Slapshot by Pavel Datsyuk.
12:34 of 2nd period - Stopped by Julien Ellis without a rebound.
12:35 of 2nd period - Daniel Briere wins face-off versus Pavel Datsyuk in Nordiques zone.
12:35 of 2nd period - Daniel Briere is hit by Martin Havlat.
12:51 of 2nd period - Slapshot by R.J. Umberger.
12:51 of 2nd period - Shot Misses the Net.
13:07 of 2nd period - Snap shot by Marcus Nilson.
13:07 of 2nd period - Stopped by Julien Ellis with a rebound.
13:29 of 2nd period - Snap shot by Jeff Taffe.
13:29 of 2nd period - Shot Misses the Net.
13:31 of 2nd period - Slapshot by Tim Ramholt.
13:31 of 2nd period - Shot Blocked by Ryan Ellis.
13:47 of 2nd period - Wrist shot by Vladimir Tarasenko.
13:47 of 2nd period - Shot Blocked by David Booth.
13:49 of 2nd period - Wrist shot by Daniel Briere.
13:49 of 2nd period - Stopped by Rick DiPietro without a rebound.
13:50 of 2nd period - Peter Mueller wins face-off versus Chris Drury in Blue Jackets zone.
14:03 of 2nd period - Snap shot by Patric Hornqvist.
14:03 of 2nd period - Stopped by Julien Ellis with a rebound.
14:05 of 2nd period - Slapshot by Branislav Mezei.
14:05 of 2nd period - Stopped by Julien Ellis with a rebound.
14:17 of 2nd period - Icing by David Booth.
14:18 of 2nd period - Daniel Briere wins face-off versus Pavel Datsyuk in Blue Jackets zone.
14:43 of 2nd period - Marcus Nilson is hit by Dustin Byfuglien and loses puck.
15:26 of 2nd period - Wrist shot by Andreas Nodl.
15:26 of 2nd period - Shot Blocked by Nikolai Kulemin.
15:36 of 2nd period - Jeff Taffe is hit by Ryan Ellis and loses puck.
15:49 of 2nd period - Dustin Byfuglien is hit by David Booth and loses puck.
16:02 of 2nd period - Minor Penalty to Mike Lundin for Holding Stick.
16:03 of 2nd period - Daniel Briere wins face-off versus Pavel Datsyuk in Blue Jackets zone.
17:51 of 2nd period - Dustin Byfuglien is hit by Pavel Datsyuk and loses puck.
18:02 of 2nd period - Penalty to Mike Lundin is over, Mike Lundin is back on ice.
19:39 of 2nd period - Snap shot by Jean-Pierre Dumont.
19:39 of 2nd period - Stopped by Rick DiPietro without a rebound.
19:40 of 2nd period - Paul Gaustad wins face-off versus Pavel Datsyuk in Blue Jackets zone.
19:47 of 2nd period - Snap shot by Jean-Pierre Dumont.
19:47 of 2nd period - Stopped by Rick DiPietro without a rebound.
19:48 of 2nd period - Pavel Datsyuk wins face-off versus Chris Drury in Blue Jackets zone.
19:58 of 2nd period - Minor Penalty to Dmitry Kulikov for Hooking.
19:59 of 2nd period - Pavel Datsyuk wins face-off versus Marek Svatos in Nordiques zone.
Goals for this period are 3 for Blue Jackets vs 1 for Nordiques.
Shots for this period are 14 for Blue Jackets vs 13 for Nordiques.

3rd period


0:01 of 3rd period - Pavel Datsyuk wins face-off versus Marek Svatos in neutral zone.
1:15 of 3rd period - Icing by Peter Mueller.
1:16 of 3rd period - Pavel Datsyuk wins face-off versus Paul Gaustad in Blue Jackets zone.
1:16 of 3rd period - Pavel Datsyuk is hit by Paul Gaustad.
1:58 of 3rd period - Penalty to Dmitry Kulikov is over, Dmitry Kulikov is back on ice.
2:32 of 3rd period - Nikolai Kulemin is hit by Branislav Mezei and loses puck.
2:57 of 3rd period - Slapshot by Matt Moulson.
2:57 of 3rd period - Stopped by Rick DiPietro without a rebound.
2:58 of 3rd period - Chris Drury wins face-off versus Pavel Datsyuk in Blue Jackets zone.
3:08 of 3rd period - Minor Penalty to Kevin Bieksa for Holding.
3:09 of 3rd period - Pavel Datsyuk wins face-off versus Daniel Briere in Blue Jackets zone.
3:18 of 3rd period - Snap shot by Ryan Ellis.
3:18 of 3rd period - Shot Misses the Net.
4:03 of 3rd period - Chris Drury is hit by Jeff Taffe and loses puck.
5:08 of 3rd period - Penalty to Kevin Bieksa is over, Kevin Bieksa is back on ice.
5:14 of 3rd period - Patric Hornqvist is hit by Jean-Pierre Dumont and loses puck.
5:40 of 3rd period - Slapshot by Andreas Nodl.
5:40 of 3rd period - Shot Misses the Net.
5:47 of 3rd period - Icing by Rich Peverley.
5:48 of 3rd period - Rich Peverley wins face-off versus Jan Bulis in Nordiques zone.
6:35 of 3rd period - Snap shot by Patric Hornqvist.
6:35 of 3rd period - Shot Misses the Net.
6:37 of 3rd period - Wrist shot by Patric Hornqvist.
6:37 of 3rd period - Deflect By Marcus Nilson.
6:37 of 3rd period - Stopped by Julien Ellis without a rebound.
6:38 of 3rd period - Daniel Briere wins face-off versus Peter Mueller in Nordiques zone.
7:00 of 3rd period - T.J. Fast is hit by Mike Lundin.
7:14 of 3rd period - Wrist shot by Pavel Datsyuk.
7:14 of 3rd period - Shot Misses the Net.
7:36 of 3rd period - Mike York is hit by Kyle Calder and loses puck.
7:44 of 3rd period - Minor Penalty to Mike Lundin for High sticking.
7:45 of 3rd period - Pavel Datsyuk wins face-off versus Daniel Briere in Blue Jackets zone.
9:32 of 3rd period - Mike Commodore is hit by Fedor Tyutin.
9:44 of 3rd period - Penalty to Mike Lundin is over, Mike Lundin is back on ice.
10:34 of 3rd period - Ryan Ellis is hit by Jan Bulis and loses puck.
10:47 of 3rd period - Icing by Michael Ryder.
10:48 of 3rd period - Peter Mueller wins face-off versus Rich Peverley in Nordiques zone.
10:49 of 3rd period - Snap shot by Patric Hornqvist.
10:49 of 3rd period - Stopped by Julien Ellis without a rebound.
10:50 of 3rd period - Daniel Briere wins face-off versus Peter Mueller in Nordiques zone.
11:02 of 3rd period - Slapshot by Patric Hornqvist.
11:02 of 3rd period - Shot Misses the Net.
11:04 of 3rd period - Slapshot by Mike Lundin.
11:04 of 3rd period - Shot Blocked by Mark Eaton.
11:24 of 3rd period - Snap shot by Matt Moulson.
11:24 of 3rd period - Shot Blocked by Martin Havlat.
11:26 of 3rd period - Wrist shot by Mark Eaton.
11:26 of 3rd period - Shot Blocked by David Booth.
11:28 of 3rd period - Slapshot by Dustin Byfuglien.
11:28 of 3rd period - Stopped by Rick DiPietro with a rebound.
11:30 of 3rd period - Slapshot by Matt Moulson.
11:30 of 3rd period - Shot Misses the Net.
12:10 of 3rd period - Off-side.
12:11 of 3rd period - Peter Mueller wins face-off versus Daniel Briere in neutral zone.
12:20 of 3rd period - Slapshot by Kevin Bieksa.
12:20 of 3rd period - Shot Misses the Net.
12:22 of 3rd period - Wrist shot by Peter Mueller.
12:22 of 3rd period - Stopped by Julien Ellis without a rebound.
12:23 of 3rd period - Daniel Briere wins face-off versus Pavel Datsyuk in Nordiques zone.
12:27 of 3rd period - Fedor Tyutin is hit by Kevin Bieksa and loses puck.
12:36 of 3rd period - Wrist shot by Vladimir Tarasenko.
12:36 of 3rd period - Shot Misses the Net.
12:38 of 3rd period - Snap shot by R.J. Umberger.
12:38 of 3rd period - Goal by R.J. Umberger - Blue Jackets : 4 - Nordiques : 3.
12:39 of 3rd period - Daniel Briere wins face-off versus Pavel Datsyuk in neutral zone.
12:46 of 3rd period - Snap shot by Vladimir Tarasenko.
12:46 of 3rd period - Goal by Vladimir Tarasenko - Blue Jackets : 4 - Nordiques : 4.
12:47 of 3rd period - Daniel Briere wins face-off versus Pavel Datsyuk in neutral zone.
12:58 of 3rd period - Snap shot by R.J. Umberger.
12:58 of 3rd period - Stopped by Rick DiPietro with a rebound.
13:00 of 3rd period - Wrist shot by R.J. Umberger.
13:00 of 3rd period - Deflect By Vladimir Tarasenko.
13:00 of 3rd period - Shot Misses the Net.
13:00 of 3rd period - Puck is out of play.
13:01 of 3rd period - Pavel Datsyuk wins face-off versus Vladimir Tarasenko in Blue Jackets zone.
13:03 of 3rd period - Minor Penalty to Martin Havlat for Hooking.
13:04 of 3rd period - Daniel Briere wins face-off versus Pavel Datsyuk in Blue Jackets zone.
13:06 of 3rd period - Slapshot by Daniel Briere.
13:06 of 3rd period - Stopped by Rick DiPietro with a rebound.
13:08 of 3rd period - Slapshot by Marek Svatos.
13:08 of 3rd period - Stopped by Rick DiPietro without a rebound.
13:09 of 3rd period - Daniel Briere wins face-off versus Pavel Datsyuk in Blue Jackets zone.
15:03 of 3rd period - Penalty to Martin Havlat is over, Martin Havlat is back on ice.
15:14 of 3rd period - Icing by Kevin Porter.
15:15 of 3rd period - Jean-Pierre Dumont wins face-off versus Kevin Porter in Blue Jackets zone.
15:16 of 3rd period - Snap shot by Kyle Calder.
15:16 of 3rd period - Stopped by Rick DiPietro without a rebound.
15:17 of 3rd period - Paul Gaustad wins face-off versus Peter Mueller in Blue Jackets zone.
15:26 of 3rd period - Paul Gaustad is hit by Marcus Nilson and loses puck.
15:31 of 3rd period - Wrist shot by Patric Hornqvist.
15:31 of 3rd period - Stopped by Julien Ellis with a rebound.
16:16 of 3rd period - Matt Moulson is hit by Branislav Mezei and loses puck.
17:57 of 3rd period - Wrist shot by Matt Moulson.
17:57 of 3rd period - Stopped by Rick DiPietro with a rebound.
17:59 of 3rd period - Slapshot by Dmitry Kulikov.
17:59 of 3rd period - Stopped by Rick DiPietro with a rebound.
18:01 of 3rd period - Snap shot by Matt Moulson.
18:01 of 3rd period - Shot Misses the Net.
18:03 of 3rd period - Slapshot by Chris Drury.
18:03 of 3rd period - Stopped by Rick DiPietro with a rebound.
18:05 of 3rd period - Snap shot by Marek Svatos.
18:05 of 3rd period - Stopped by Rick DiPietro with a rebound.
18:07 of 3rd period - Wrist shot by Dmitry Kulikov.
18:07 of 3rd period - Shot Blocked by Mike Lundin.
18:09 of 3rd period - Wrist shot by Marek Svatos.
18:09 of 3rd period - Stopped by Rick DiPietro without a rebound.
18:10 of 3rd period - Jan Bulis wins face-off versus Paul Gaustad in Blue Jackets zone.
18:38 of 3rd period - Minor Penalty to Jeff Taffe for Hooking.
18:39 of 3rd period - Daniel Briere wins face-off versus Pavel Datsyuk in Blue Jackets zone.
19:06 of 3rd period - Ryan Ellis is hit by Kevin Bieksa.
19:10 of 3rd period - Vladimir Tarasenko is hit by Jan Bulis and loses puck.
19:30 of 3rd period - Slapshot by Dustin Byfuglien.
19:30 of 3rd period - Shot Misses the Net.
19:34 of 3rd period - Wrist shot by Daniel Briere.
19:34 of 3rd period - Stopped by Rick DiPietro without a rebound.
19:35 of 3rd period - Pavel Datsyuk wins face-off versus Paul Gaustad in Blue Jackets zone.
19:35 of 3rd period - Pavel Datsyuk is hit by Kyle Calder.
19:54 of 3rd period - Fedor Tyutin is hit by Andreas Nodl and loses puck.
Goals for this period are 0 for Blue Jackets vs 2 for Nordiques.
Shots for this period are 4 for Blue Jackets vs 14 for Nordiques.

Overtime #1


0:01 of 1st overtime period - Marek Svatos wins face-off versus Pavel Datsyuk in neutral zone.
0:38 of 1st overtime period - Penalty to Jeff Taffe is over, Jeff Taffe is back on ice.
0:51 of 1st overtime period - Snap shot by Jan Bulis.
0:51 of 1st overtime period - Stopped by Julien Ellis without a rebound.
0:52 of 1st overtime period - Pavel Datsyuk wins face-off versus Marek Svatos in Nordiques zone.
0:55 of 1st overtime period - Snap shot by Pavel Datsyuk.
0:55 of 1st overtime period - Stopped by Julien Ellis with a rebound.
0:57 of 1st overtime period - Slapshot by Kevin Bieksa.
0:57 of 1st overtime period - Shot Misses the Net.
0:59 of 1st overtime period - Wrist shot by Pavel Datsyuk.
0:59 of 1st overtime period - Shot Misses the Net.
1:17 of 1st overtime period - Mark Eaton is hit by Mike York and loses puck.
1:44 of 1st overtime period - Fedor Tyutin is hit by Mike Brown and loses puck.
2:23 of 1st overtime period - Martin Havlat is hit by Dustin Byfuglien and loses puck.
2:40 of 1st overtime period - Slapshot by Dustin Byfuglien.
2:40 of 1st overtime period - Deflect By David Booth.
2:40 of 1st overtime period - Stopped by Rick DiPietro with a rebound.
3:05 of 1st overtime period - Vladimir Tarasenko is hit by Jan Bulis and loses puck.
3:33 of 1st overtime period - Icing by Dustin Byfuglien.
3:34 of 1st overtime period - Marek Svatos wins face-off versus Andreas Nodl in Nordiques zone.
3:57 of 1st overtime period - Slapshot by Chris Drury.
3:57 of 1st overtime period - Stopped by Rick DiPietro with a rebound.
3:59 of 1st overtime period - Slapshot by Mark Eaton.
3:59 of 1st overtime period - Stopped by Rick DiPietro with a rebound.
4:01 of 1st overtime period - Slapshot by Dustin Byfuglien.
4:01 of 1st overtime period - Stopped by Rick DiPietro with a rebound.
4:03 of 1st overtime period - Slapshot by Dustin Byfuglien.
4:03 of 1st overtime period - Stopped by Rick DiPietro with a rebound.
4:05 of 1st overtime period - Snap shot by Mark Eaton.
4:05 of 1st overtime period - Deflect By Pavel Datsyuk.
4:05 of 1st overtime period - Goal by Mark Eaton - Blue Jackets : 4 - Nordiques : 5.
Goals for this period are 0 for Blue Jackets vs 1 for Nordiques.
Shots for this period are 2 for Blue Jackets vs 6 for Nordiques.